 Dungeon Crawl Stone Soup version 0.21.1-1-g345015fe64 (webtiles) character file.

142 Redear the Sneak (level 5, -1/36 HPs)
             Began as an Octopode Monk on Mar 9, 2018.
             Slain by a gnoll
             ... wielding a +0 spear
              (10 damage)
             ... on level 4 of the Dungeon.
             The game lasted 00:20:00 (2846 turns).

Redear the Sneak (Octopode Monk)                    Turns: 2846, Time: 00:20:00

Health: -1/36      AC:  1    Str: 12    XL:     5   Next: 24%
Magic:  5/5        EV: 14    Int: 14    God:
Gold:   191        SH:  0    Dex: 14    Spells: 4/4 levels left

rFire    . . .     SeeInvis .   i - +0 spear
rCold    . . .     Gourm    .   (no shield)
rNeg     . . .     Faith    .   (helmet restricted)
rPois    .         Spirit   .   (no amulet)
rElec    .         Reflect  .   k - +2 ring of intelligence
rCorr    .         Harm     .   (no ring)
MR       .....                  (no ring)
Stlth    ++++......             (no ring)
HPRegen  0.12/turn              (no ring)
MPRegen  0.09/turn              (no ring)
                                (no ring)
                                (no ring)

@: starving
A: almost no armour, stealthy swim, amphibious, 8 rings, constrict 8, camouflage
1, gelatinous body 1
a: no special abilities


You were on level 4 of the Dungeon.
You were starving.

You visited 1 branch of the dungeon, and saw 4 of its levels.

You collected 191 gold pieces.

Inventory:

Hand Weapons
 c - a +1 antimagic short sword
 i - a +0 spear (weapon)
 m - a +1 dagger of electrocution
 n - a +4 hunting sling
 o - a +0 hunting sling
 q - a +0 club
Missiles
 p - 38 sling bullets
Jewellery
 k - a +2 ring of intelligence (left tentacle)
Wands
 w - a wand of digging (10)
Scrolls
 d - 2 scrolls of remove curse {unknown}
 f - 2 scrolls of identify {unknown}
 g - a scroll of noise {unknown}
 s - a scroll of enchant armour {unknown}
 v - a scroll of random uselessness {unknown}
Potions
 b - a potion of invisibility {unknown}
 e - 2 potions of lignification {unknown}
 h - a potion of heal wounds {unknown}
 r - a potion of mutation {unknown}
 t - a potion of flight {unknown}
 u - a potion of might {unknown}
Comestibles
 a - 5 rations
 j - 5 chunks of flesh


   Skills:
 - Level 3.0 Fighting
 - Level 3.0 Dodging
 * Level 5.8 Stealth
 + Level 4.4 Unarmed Combat


You had 4 spell levels left.
You didn't know any spells.

Dungeon Overview and Level Annotations

Branches:
Dungeon (4/15)
 Temple: D:4-7

Altars:
Yredelemnul

Annotations:
D:4 Eustachio


Innate Abilities, Weirdness & Mutations

You cannot wear most types of armour.
You are very stealthy in the water. (Stealth+)
You are amphibious.
You can wear up to eight rings at the same time.
You can use your tentacles to constrict eight enemies at once.
Your skin changes colour to match your surroundings (Stealth+).
Your rubbery body absorbs attacks. (AC +1, EV +1)


Message History

Press: ? - help, Dir - move target cursor, f/p - gnoll
Aim: a gnoll, wielding a spear (heavily wounded)
You reach to attack!
You barely miss the gnoll.
The gnoll is heavily wounded.
The gnoll hits you from afar with a spear!
* * * LOW HITPOINT WARNING * * *
The gnoll barely misses you.
You see here a javelin.
You see here a javelin.
You see here a javelin.
Things that are here:
a javelin; a sedimented emerald potion You are starving!
The phantom blinks!
The phantom blinks!
The phantom blinks!
Found a stone staircase leading down.
Eustachio the Magnificent comes into view.
He is wielding a falchion.
The gnoll hits you from afar with a spear!
You die...

......
.......
.......
...... #
..>.# #@
.#..#
#..###...#
#...@...##
####.....#
#g##.....
#.# .###
##W# # ##.g#
######..####
#....W.....#
#......g...#


You could see a phantom and 2 gnolls.

Vanquished Creatures
  A hound skeleton (D:3)
  3 gnolls
  2 adders
  An ooze (D:1)
  2 worms (D:3)
  3 dart slugs (D:1)
  3 leopard geckos
  2 ball pythons
  4 bats
  3 giant cockroaches
  9 goblins
  4 hobgoblins
  4 jackals (D:2)
  6 kobolds
  A quokka (D:4)
  6 frilled lizards
  2 gnoll zombies (D:2)
  10 rats
66 creatures vanquished.

Notes
Turn   | Place    | Note
-------+----------+-------------------------------------------
     0 | D:1      | Redear the Octopode Monk began the quest for the Orb.
     0 | D:1      | Reached XP level 1. HP: 16/16 MP: 1/1
    13 | D:1      | Reached skill level 3 in Stealth
   126 | D:1      | Reached XP level 2. HP: 21/21 MP: 2/2
   431 | D:1      | Reached XP level 3. HP: 26/26 MP: 3/3
   852 | D:1      | Reached skill level 4 in Stealth
  1347 | D:2      | Reached XP level 4. HP: 31/31 MP: 4/4
  1768 | D:2      | Reached skill level 5 in Stealth
  2353 | D:2      | Found a basalt altar of Yredelemnul.
  2663 | D:3      | Reached XP level 5. HP: 35/36 MP: 5/5
  2799 | D:4      | Noticed a phantom
  2844 | D:4      | Noticed Eustachio
  2846 | D:4      | Slain by a gnoll

Skill      XL: |  1  2  3  4 |
---------------+-------------+-----
Stealth        | 3 4 5 |  5.8
Unarmed Combat | 4 |  4.4
Fighting       | |  3.0
Dodging        | |  3.0

Action                   |  1- 3 |  4- 6 || total
-------------------------+-------+-------++-------
Melee: Unarmed           |    62 |     5 ||    67
       Constrict         |    19 |    23 ||    42
       Tentacles         |     8 |    14 ||    22
       Punch             |     1 |     1 ||     2
       Spear             |       |    75 ||    75
Throw: Javelin           |       |    34 ||    34
 Stab: Sleeping          |     8 |     3 ||    11
  Eat: Chunk             |     1 |     3 ||     4
Armor: Skin              |     4 |     6 ||    10
Dodge: Dodged            |    31 |    38 ||    69
